 Dungeon Crawl Stone Soup version 0.23.0 (webtiles) character file.

Game seed: 1880556672922841041

4293 vishdafish the Cleaver (level 10, 0/79 HPs)
             Began as a Formicid Fighter on Feb 15, 2019.
             Was a Believer of Yredelemnul.
             Slain by a killer bee (2 damage)
             ... on level 7 of the Dungeon.
             The game lasted 00:10:57 (8100 turns).

vishdafish the Cleaver (Formicid Fighter)           Turns: 8100, Time: 00:10:58

Health: 0/79       AC:  9    Str: 22    XL:     10   Next: 57%
Magic:  13/13      EV: 16    Int: 10    God:    Yredelemnul [**....]
Gold:   398        SH: 11    Dex: 15    Spells: 9/9 levels left

rFire    . . .     SeeInvis +   B - +1 war axe (drain)
rCold    . . .     Gourm    +   c - +0 shield
rNeg     . . .     Faith    .   b - +0 scale mail
rPois    .         Spirit   .   (helmet unavailable)
rElec    .         Reflect  .   (no cloak)
rCorr    .         Harm     .   x - +0 pair of gloves
MR       +....                  (no boots)
Stlth    ++........             m - amulet of the gourmand
HPRegen  0.23/turn              (no ring)
MPRegen  0.13/turn              (no ring)

@: agile, marked
A: permanent stasis, dig shafts and tunnels, four strong arms, antennae 3
a: Dig, Shaft Self, Animate Remains, Recall Undead Slaves, Injury Mirror,
Renounce Religion


You were on level 7 of the Dungeon.
You worshipped Yredelemnul.
Yredelemnul was pleased with you.
You were not hungry.

You visited 2 branches of the dungeon, and saw 8 of its levels.

You collected 398 gold pieces.

Inventory:

Hand Weapons
 a - a +0 war axe
 s - a +4 hand axe of chopping
 z - the +1 trident of Bile {drain, rElec MP-9 Str+6 Int+3}
   (You found it on level 6 of the Dungeon)

   A truly terrible weapon, it drains the life of those it strikes.
   It affects your strength (+6).
   It affects your intelligence (+3).
   It insulates you from electricity.
   It affects your magic capacity (-9).
 B - a +1 war axe of draining (weapon)
Armour
 b - a +0 scale mail (worn)
 c - a +0 shield (worn)
 x - a +0 pair of gloves (worn)
Jewellery
 m - an amulet of the gourmand (around neck)
Wands
 j - a wand of flame (15)
 F - a wand of digging (5)
Scrolls
 g - 2 scrolls of enchant weapon {unknown}
 n - 3 scrolls of teleportation {unknown}
 p - 2 scrolls of amnesia {unknown}
 q - a scroll of immolation {unknown}
 t - a scroll of blinking {unknown}
 v - 5 scrolls of identify {unknown}
 y - 2 scrolls of fog {unknown}
 D - a scroll of remove curse
 E - a scroll of random uselessness {unknown}
Potions
 d - a potion of invisibility {unknown}
 e - a potion of haste {unknown}
 h - a potion of flight {unknown}
 l - 2 potions of lignification {unknown}
 o - 5 potions of agility
 r - 2 potions of heal wounds {unknown}
 u - a potion of magic {unknown}
 w - a potion of degeneration {unknown}
 A - a potion of ambrosia {unknown}
 C - a potion of brilliance {unknown}
Comestibles
 f - 16 rations


   Skills:
 + Level 7.0 Fighting
 + Level 8.7 Axes
 + Level 7.8 Armour
 - Level 2.4 Dodging
 - Level 1.4 Stealth
 + Level 8.3 Shields
 - Level 5.1 Invocations
 - Level 0.6 Evocations


You had 9 spell levels left.
You didn't know any spells.
Your spell library was empty.

Dungeon Overview and Level Annotations

Branches:
Dungeon (7/15)             Temple (1/1) D:4

Altars:
Fedhas
Hepliaklqana
Kikubaaqudgha
Okawaru
Ru
Sif Muna
Xom
Yredelemnul
Zin
The Shining One


Innate Abilities, Weirdness & Mutations

You cannot be hasted, slowed, berserked, paralysed or teleported.
You can dig through walls and to a lower floor.
Your four strong arms can wield two-handed weapons with a shield.
You have a pair of large antennae on your head. (SInv)


Message History

Harold hits you with a +2 mace of protection.
* * * LOW HITPOINT WARNING * * *
You hit Harold but do no damage. You drain Harold.
Harold is almost dead.
You block Harold's attack.
You hit Harold. You drain Harold.
You kill Harold!
Yredelemnul accepts your kill.
Your life force feels restored.
Your Fighting skill increases to level 7!
Your Shields skill increases to level 8!
You block the killer bee's attack.
Evoke which item? (* to show all) (? for menu, Esc to quit)
Okay, then.
Okay, then.
You hit the killer bee. You drain the killer bee.
The killer bee is moderately wounded.
You block the killer bee's attack. The killer bee stings you.
You die...
Your body rises from the dead as a mindless zombie.

#.##.#..##
#♣...♣##.
#.......#
##'#####
######.##
#.##.#
###.#
#....#
#...#
####.#
#.### #.#
#.# #.#
########.#
#.#
......y@.#
##.##
##########
#.#..
##.## ###


You could see a killer bee.

Vanquished Creatures
  Harold (D:7)
  Pikel (D:7)
  Eustachio (D:4)
  Menkaure (D:5)
  Duvessa (D:7)
  3 sky beasts
  3 phantoms
  An ice beast (D:6)
  5 ogres
  2 centaurs (D:7)
  5 bullfrogs
  A gnoll sergeant (D:6)
  Dowan (D:7)
  2 killer bees (D:7)
  A vampire bat (D:6)
  2 howler monkeys
  A crimson imp (D:6)
  A bullfrog zombie (D:5)
  2 jellies (D:5)
  2 orc priests (D:5)
  3 hounds
  A bullfrog skeleton (D:7)
  Jessica (D:2)
  5 orc wizards
  2 iguanas
  5 worker ants
  3 worker ant zombies
  A howler monkey skeleton (D:5)
  8 gnolls
  6 adders
  2 shadow imps
  An ooze (D:2)
  4 worms
  A dart slug (D:1)
  3 leopard geckos
  20 orcs
  4 ball pythons
  5 bat zombies (D:6)
  9 giant cockroaches
  7 goblins
  9 hobgoblins
  11 jackals
  3 quokkas
  7 bats
  5 frilled lizards
  8 kobolds
  A quokka skeleton (D:5)
  9 rats
181 creatures vanquished.

Vanquished Creatures (others)
  A plant (D:5)
1 creature vanquished.

Grand Total: 182 creatures vanquished

Notes
Turn   | Place    | Note
-------+----------+-------------------------------------------
     0 | D:1      | vishdafish the Formicid Fighter began the quest for the
                  | Orb.
     0 | D:1      | Reached XP level 1. HP: 18/18 MP: 1/1
   117 | D:1      | Reached XP level 2. HP: 23/24 MP: 2/2
   299 | D:1      | Reached XP level 3. HP: 16/29 MP: 3/3
  1307 | D:2      | Noticed Jessica
  1316 | D:2      | Killed Jessica
  1316 | D:2      | Reached XP level 4. HP: 26/37 MP: 4/4
  2254 | D:3      | Reached XP level 5. HP: 42/42 MP: 5/5
  2286 | D:3      | Noticed a bullfrog
  2292 | D:3      | Killed a bullfrog
  2454 | D:3      | Noticed a bullfrog
  2467 | D:3      | Killed a bullfrog
  2467 | D:3      | Reached XP level 6. HP: 13/48 MP: 6/6
  2735 | D:3      | Reached skill level 5 in Shields
  3304 | D:4      | Reached XP level 7. HP: 40/54 MP: 7/7
  3474 | D:4      | Reached skill level 1 in Dodging
  3712 | D:4      | Found a staircase to the Ecumenical Temple.
  3726 | D:4      | Noticed Eustachio
  3737 | Temple   | Entered the Ecumenical Temple
  3748 | Temple   | Became a worshipper of Yredelemnul the Dark
  3769 | D:4      | Killed Eustachio
  3769 | D:4      | Reached skill level 5 in Axes
  3769 | D:4      | Reached skill level 5 in Armour
  4144 | D:5      | Entered Level 5 of the Dungeon
  4425 | D:5      | Reached skill level 1 in Invocations
  4460 | D:5      | Reached XP level 8. HP: 53/61 MP: 9/9
  4466 | D:5      | Found a blossoming altar of Fedhas.
  4923 | D:5      | Noticed Menkaure
  4926 | D:5      | Killed Menkaure
  4944 | D:5      | Reached skill level 1 in Stealth
  5009 | D:5      | Reached * piety under Yredelemnul
  5746 | D:6      | Reached skill level 5 in Fighting
  5862 | D:6      | Reached XP level 9. HP: 31/68 MP: 10/12
  6219 | D:6      | Got a crystal trident
  6220 | D:6      | Identified the +1 trident of Bile {drain, rElec MP-9 Str+6
                  | Int+3} (You found it on level 6 of the Dungeon)
  6304 | D:6      | Reached ** piety under Yredelemnul
  6426 | D:6      | Reached skill level 5 in Invocations
  6612 | D:6      | Found an ancient bone altar of Kikubaaqudgha.
  7555 | D:7      | Found a glowing golden altar of the Shining One.
  7706 | D:7      | Found a shimmering altar of Xom.
  7730 | D:7      | Reached XP level 10. HP: 76/76 MP: 13/13
  7804 | D:7      | Noticed Dowan
  7804 | D:7      | Noticed Duvessa
  7816 | D:7      | Killed Dowan
  7822 | D:7      | Killed Duvessa
  7982 | D:7      | Noticed Pikel
  8000 | D:7      | Killed Pikel
  8068 | D:7      | Noticed Harold
  8097 | D:7      | HP: 2/77 [Harold/+2 mace of protection (3)]
  8099 | D:7      | Killed Harold
  8100 | D:7      | Slain by a killer bee

Skill      XL: |  1  2  3  4  5  6  7  8  9 10 |
---------------+-------------------------------+-----
Axes           | 3 4 5 6 8 |  8.7
Shields        | 4 5 6 7 8 |  8.3
Armour         | 4 5 6 7 |  7.8
Fighting       | 4 5 7 |  7.0
Dodging        | 1 2 |  2.4
Invocations    | 2 4 5 |  5.1
Stealth        | 1 |  1.4
Evocations     | |  0.6

Action                   |  1- 3 |  4- 6 |  7- 9 | 10-12 || total
-------------------------+-------+-------+-------+-------++-------
Melee: War axe           |    91 |   149 |   298 |    83 ||   621
       Hand axe          |       |       |   140 |       ||   140
Evoke: Wand              |       |       |    11 |     2 ||    13
  Use: Potion            |     1 |       |     1 |     3 ||     5
       Scroll            |       |     1 |     3 |       ||     4
  Eat: Chunk             |     1 |     6 |    20 |       ||    27
Armor: Scale mail        |    22 |    79 |   158 |    22 ||   281
Dodge: Dodged            |    40 |    54 |   175 |    11 ||   280
Block: Shield            |    41 |   101 |   229 |    44 ||   415
